 Dungeon Crawl Stone Soup version 0.31-a0-1591-g515db51633 (webtiles) character file.

Game seed: 4121042549056252235

615 monsoonserge the Caller (level 7, 0/38 HPs)
             Began as a Tengu Summoner on Jan 6, 2024.
             Was an Initiate of Ru.
             Slain by an orc priest
             ... wielding a +0 short sword
              (3 damage)
             ... on level 6 of the Dungeon.
             The game lasted 00:08:41 (2836 turns).

monsoonserge the Caller (Tengu Summoner)            Turns: 2836, Time: 00:08:42

Health: 0/38       AC:  8    Str:  8    XL:     7   Next: 45%
Magic:  12/12      EV: 17    Int: 17    God:    Ru [......]
Gold:   137        SH:  0    Dex: 15    Spells: 7/11 levels left

rFire   . . .        A - +0 quarterstaff (distort)
rCold   . . .        (shield currently unavailable)
rNeg    . . .        B - +0 leather armour
rPois   +            (helmet restricted)
rElec   .            y - scarf {harm}
rCorr   .            s - +0 pair of gloves
SInv    .            (boots unavailable)
Will    .....        (no amulet)
Stlth   ++           c - +4 ring of protection
HPRegen 0.26/turn    C - ring of poison resistance
MPRegen 0.13/turn

%: harm (+30% outgoing, +20% incoming), acrobat
@: brilliant, flying
A: beak, talons 3, evasive flight, acrobatic
a: Renounce Religion, Sacrifice Stealth, Sacrifice Courage, Sacrifice Love,
Reject Sacrifices


You were on level 6 of the Dungeon.
You worshipped Ru.
Ru was noncommittal.
You visited 1 branch of the dungeon, and saw 6 of its levels.

You collected 137 gold pieces.

Inventory:

Hand Weapons
 v - a +3 dagger of electrocution
 A - a +0 quarterstaff of distortion (weapon)
 D - the +3 trident "Kyiz" {protect, *Noise rF++ Will+}
   (You found it on level 4 of the Dungeon)

   rF++:      It greatly protects you from fire.
   Will+:     It increases your willpower.
   *Noise:    It may make a loud noise when swung.
Missiles
 g - 10 boomerangs (quivered)
Armour
 a - a +0 robe
 r - a +0 cloak
 s - a +0 pair of gloves (worn)
 y - a scarf of harm (worn)
 B - a +0 leather armour (worn)
Magical Staves
 E - a staff of earth
Jewellery
 c - a +4 ring of protection (left hand)
 t - a ring of positive energy
 C - a ring of poison resistance (right hand)
Wands
 n - a wand of charming (3)
Scrolls
 f - a scroll of enchant armour {unknown}
 h - a scroll of identify {unknown}
 i - a scroll of silence {unknown}
 j - a scroll of revelation {unknown}
 l - a scroll of blinking {unknown}
 m - a scroll of butterflies {unknown}
 p - a scroll of teleportation {unknown}
 q - a scroll of fear {unknown}
 u - a scroll of enchant weapon {unknown}
 z - a scroll of brand weapon {unknown}
Potions
 b - a potion of magic
 e - a potion of cancellation
 k - a potion of invisibility {unknown}
 o - a potion of brilliance
 x - a potion of lignification {unknown}


   Skills:
 + Level 1.6 Fighting
 - Level 2.1 Short Blades
 * Level 2.3 Staves
 + Level 0.4 Throwing
 * Level 3.1 Armour
 + Level 3.9 Dodging
 + Level 3.8 Stealth
 + Level 0.1 Unarmed Combat
 + Level 2.9 Spellcasting
 + Level 6.0 Summonings


You had 7 spell levels left.
You knew the following spells:

 Your Spells              Type           Power      Damage    Failure   Level
a - Summon Small Mammal   Summ           100%       N/A       1%          1
b - Call Canine Familiar  Summ           34%        N/A       6%          3

Your spell library contained the following spells:

 Spells                   Type           Power      Damage    Failure   Level
 Call Imp                 Summ           68%        N/A       3%          2
 Apportation              Tloc           6%         N/A       26%         1
 Necrotise                Necr           12%        1d4       26%         1
 Sting                    Conj/Alch      12%        1d3       26%         1
 Static Discharge         Conj/Air       6%         3-4/arc   36%         2
 Summon Blazeheart Golem  Fire/Summ      19%        N/A       56%         4
 Summon Lightning Spire   Summ/Air       19%        N/A       56%         4
 Airstrike                Air            1%         2d(1-17)  94%         4


Dungeon Overview and Level Annotations

Branches:
Dungeon (6/15)
 Temple: D:4-7

Altars:
Ru


Innate Abilities, Weirdness & Mutations

You have a beak for a mouth.
You have claws for feet.
Your magical flight helps you evade attacks. (EV +4)
You can magically evade attacks while moving or waiting.


Message History

The centaur misses you.
The centaur kicks you but does no damage.
You barely miss the orc priest. Your kick misses the orc priest.
The centaur hits you with a +0 dagger. The centaur kicks you.
The jackal barely misses you.
The orc priest hits you but does no damage.
The centaur hits you but does no damage.
The centaur kicks you.
The jackal bites you but does no damage.
You barely miss the centaur. You claw the centaur.
The centaur is moderately wounded.
The centaur hits you with a +0 dagger.
* * * LOW HITPOINT WARNING * * *
The centaur kicks you but does no damage.
The orc priest misses you. The jackal misses you.
Unknown command.
You hit the centaur.
Space warps horribly around the centaur.
You peck the centaur.
The centaur is almost dead.
The centaur completely misses you. The centaur misses you.
The jackal closely misses you.
The orc priest hits you but does no damage.
The centaur hits you with a +0 dagger!
* * * LOW HITPOINT WARNING * * *
The centaur closely misses you. The jackal barely misses you.
The orc priest misses you.
You hit the centaur.
You kill the centaur!
The jackal completely misses you.
The orc priest hits you but does no damage.
The jackal bites you.
* * * LOW HITPOINT WARNING * * *
Unknown command.
You hit the orc priest.
Space warps around the orc priest.
You claw the orc priest. You peck the orc priest.
The orc priest is severely wounded.
The jackal bites you but does no damage.
The orc priest hits you with a +0 short sword.
You die...

##### .P♣
##...##.##
♣P...#.)h......
.......@....#
......o......#
....#..........
..........##...
# #.......# ..
##......# .
#.......
........#


You could see an orc priest and a jackal.

Vanquished Creatures
  A black bear (D:4)
  2 ogres (D:4)
  A centaur (D:6)
  2 scorpions (D:4)
  A bombardier beetle (D:3)
  An iguana (D:5)
  3 adders
  A shadow imp (D:6)
  A ribbon worm (D:2)
  A dart slug (D:1)
  6 orcs
  An endoplasm (D:3)
  2 giant cockroaches
  2 goblins
  4 hobgoblins
  3 jackals
  4 kobolds
  3 quokkas
  A ball python (D:1)
  6 bats
  5 frilled lizards
  5 rats
56 creatures vanquished.

Vanquished Creatures (collateral kills)
  An adder (D:2)
  A ball python (D:2)
  A bat (D:1)
  A rat (D:1)
4 creatures vanquished.

Vanquished Creatures (others)
  2 orcs (D:5)
2 creatures vanquished.

Grand Total: 62 creatures vanquished

Notes
Turn   | Place    | Note
-------+----------+-------------------------------------------
     0 | D:1      | monsoonserge the Tengu Summoner began the quest for the
                  | Orb.
     0 | D:1      | Reached XP level 1. HP: 10/10 MP: 4/4
   105 | D:1      | Reached skill level 5 in Summonings
   202 | D:1      | Reached XP level 2. HP: 5/15 MP: 3/6
   904 | D:2      | Reached XP level 3. HP: 20/20 MP: 7/7
   908 | D:2      | Learned a level 3 spell: Call Canine Familiar
  1115 | D:2      | Identified the +1 helmet of the Treeataur {Harm rElec
                  | rPois}
  1434 | D:3      | Reached XP level 4. HP: 21/24 MP: 8/8
  1486 | D:3      | Found a sacrificial altar of Ru.
  1534 | D:3      | Reached skill level 1 in Short Blades
  1548 | D:3      | Became a worshipper of Ru the Awakened
  2110 | D:4      | Noticed an ogre
  2115 | D:4      | Killed an ogre
  2116 | D:4      | Reached skill level 1 in Fighting
  2116 | D:4      | Reached XP level 5. HP: 29/29 MP: 5/10
  2350 | D:4      | Noticed a black bear
  2356 | D:4      | Killed a black bear
  2357 | D:4      | Reached skill level 1 in Armour
  2357 | D:4      | Reached XP level 6. HP: 34/34 MP: 7/11
  2423 | D:4      | Identified the +3 trident "Kyiz" {protect, *Noise rF++
                  | Will+}
  2584 | D:5      | Entered Level 5 of the Dungeon
  2601 | D:4      | Reached skill level 1 in Staves
  2690 | D:4      | Gained mutation: Your magical flight helps you evade
                  | attacks. (EV +4) [Tengu growth]
  2690 | D:4      | Reached XP level 7. HP: 38/38 MP: 12/12
  2698 | D:4      | Reached skill level 6 in Summonings
  2724 | D:5      | HP: 1/38 [centaur/arrow (4)]
  2836 | D:6      | Slain by an orc priest

Illustrated notes

Levels and vault maps discovered:
D:1:      dpeg_arrival_arbitrary_a, layout_loops_ring
D:2:      layout_rooms, minmay_stone_trees_small
D:3:      layout_loops_corners, mainiacjoe_overflow_24_doors,
          minmay_misc_feat_square
D:4:      layout_rooms
D:5:      layout_rooms, slow_altar_2, serial_shops, kennysheep_little_box,
          kennysheep_generic_room_14
D:6:      layout_cave_pools, minmay_temple_entry_mini_moons,
          gammafunk_ghost_split, serial_park, serial_park_tiny_1,
          serial_park_tiny_2, serial_park_tiny_pond, serial_park_square3
          [serial_park_minivault_5x5_5], serial_park_tiny_2, uniq_eustachio,
          uniq_grinder

Skill      XL: |  1  2  3  4  5  6  7 |
---------------+----------------------+-----
Summonings     | 5 6 |  6.0
Short Blades   | 2 |  2.1
Fighting       | 1 |  1.6
Dodging        | 3 |  3.9
Stealth        | 3 |  3.8
Armour         | 1 2 3 |  3.1
Staves         | 1 2 |  2.3
Throwing       | |  0.4
Unarmed Combat | |  0.1
Spellcasting   | |  2.9

Action                     |  1- 3 |  4- 6 |  7- 9 || total
---------------------------+-------+-------+-------++-------
  Melee: Unarmed           |     7 |       |       ||     7
         Short sword       |    67 |       |       ||    67
         Peck              |    13 |     7 |     4 ||    24
         Dagger            |    12 |    21 |       ||    33
         Kick              |    15 |     6 |     4 ||    25
         Punch             |     1 |       |       ||     1
         Quarterstaff      |       |    22 |    21 ||    43
  Throw: Boomerang         |       |     6 |     2 ||     8
   Cast: Summon Small Mamm |     8 |       |       ||     8
         Call Canine Famil |     2 |     2 |     1 ||     5
    Use: Potion            |       |       |     4 ||     4
   Stab: Sleeping          |     4 |     3 |       ||     7
 Armour: Robe              |    38 |     8 |       ||    46
         Leather armour    |       |    19 |    42 ||    61
  Dodge: Dodged            |    78 |    39 |    62 ||   179

Table legend: (Time is in decaauts)
 A = Elapsed time spent in this place.
 B = Non-inter-level travel time spent in this place.
 C = Inter-level travel time spent in this place.
 D = Time resting spent in this place.
 E = Time spent auto-exploring this place.
 F = Levels seen in this place.
 G = Mean time per level.
                   A        B        C        D        E       F      G
               +--------+--------+--------+--------+--------+-----+--------+
         Total |   2844 |   2688 |    156 |    126 |   1656 |   6 |  474.0 |
       Dungeon |   2844 |   2688 |    156 |    126 |   1656 |   6 |  474.0 |
               +--------+--------+--------+--------+--------+-----+--------+

Top non-repeatable levels by time:
     D:1: 847 daAuts
     D:3: 792 daAuts
     D:4: 593 daAuts
     D:2: 440 daAuts
     D:6: 110 daAuts
     D:5: 61 daAuts
